AoeStats
← [ KOF ] M. Kowalski

Nomad

510000414Analyzed
2v2 RM · 2d ago on Sep 29, 2026· 51m 28s· 4 players
Game mode
Random Map
Map size
176×176
Population
200
Speed
Normal
Resources
Standard
Victory
Conquest
Starting age
Dark Age
Ending age
Imperial Age
RankedLock teamsTeams togetherTeam positionsShared explorationLock speedFull tech treeHidden civsTurbo modeCheats
Victory
Defeat
🇦🇷 Saracens · Argentina
1494
+10
🇦🇷 Japanese · Argentina
1303
+18
🇲🇽 Britons · Mexico
1383
-15
🇦🇷 Aztecs · Argentina
1328
-13
[ KOF ] M. Kowalski
4:52 Loom
12:55 Feudal Age
14:44 Fishing Lines
18:59 Wheelbarrow
20:11 Double-Bit Axe
24:12 Castle Age
24:30 Gold Mining
24:35 Fletching
25:54 Bodkin Arrow
30:32 Bow Saw
39:13 Horse Collar
41:32 Scale Mail Armor
41:59 Squires
42:42 Eagle Warrior
44:01 Chain Mail Armor
43:56 Forging
44:29 Town Watch
45:07 Arson
45:18 Pikeman
46:55 Iron Casting
48:25 Heavy Plow
53:41 Imperial Age
~KOF~Legonas
3:51 Loom
12:39 Feudal Age
17:10 Castle Age
18:59 Fletching
21:51 Padded Archer Armor
28:06 Ballistics
31:00 Bodkin Arrow
34:38 Horse Collar
35:18 Double-Bit Axe
35:24 Gold Mining
39:51 Imperial Age
40:43 Wheelbarrow
40:24 Bow Saw
40:16 Heavy Plow
40:37 Leather Archer Armor
41:08 Conscription
BoxStars
14:21 Feudal Age
13:23 Loom
15:08 Double-Bit Axe
15:10 Horse Collar
15:56 Gold Mining
15:57 Fishing Lines
17:35 Wheelbarrow
20:49 Castle Age
20:08 Fletching
20:19 Padded Archer Armor
21:01 Padded Archer Armor
21:26 Gillnets
21:54 Bodkin Arrow
23:48 Leather Archer Armor
24:48 Thumb Ring
25:31 Elite Skirmisher
31:34 Bow Saw
31:27 Heavy Plow
39:28 Ballistics
42:42 Imperial Age
41:41 Bloodlines
41:32 Husbandry
43:58 Ring Archer Armor
43:29 Bracer
45:51 Parthian Tactics
46:00 Scale Mail Armor
46:10 Forging
47:00 Conscription
48:48 Chain Mail Armor
49:08 Iron Casting
49:50 Squires
51:34 Plate Mail Armor
52:05 Blast Furnace
Dino_Mate
9:52 Loom
12:17 Feudal Age
12:47 Double-Bit Axe
13:46 Town Watch
17:25 Fletching
22:16 Castle Age
21:29 Gold Mining
23:09 Medium Warships
23:04 Bodkin Arrow
30:04 Fishing Lines
43:49 Scale Barding Armor
43:54 Forging
46:39 Bloodlines
46:54 Chain Barding Armor
50:21 Iron Casting
50:38 Husbandry
Connection lost

Rejoining the realm…

Still unreachable

The connection could not be restored.

Session expired

The server has moved on; the page needs a fresh start.